 Dungeon Crawl Stone Soup version 0.30-a0-782-ge64f9170bb (webtiles) character file.

Game seed: 14578619690405109901

44 tilp the Slasher (level 4, -1/39 (40) HPs)
             Began as a Meteoran Fighter on Feb 21, 2023.
             Succumbed to a water moccasin's poison
             ... on level 3 of the Dungeon.
             The game lasted 00:02:00 (474 turns).

tilp the Slasher (Meteoran Fighter)                  Turns: 474, Time: 00:02:01

HP:   -1/39 (40)    AC:  6    Str: 17    XL:     4   Next: 8%
MP:   5/5           EV: 10    Int:  9    God:
Gold: 29            SH:  5    Dex: 16    Spells: 3/3 levels left

rFire   . . .      SeeInvis .    a - +0 long sword
rCold   . . .      Faith    .    c - +0 buckler
rNeg    . . .      Spirit   .    m - +0 scale mail
rPois   .          Reflect  .    (no helmet)
rElec   .          Harm     .    (no cloak)
rCorr   .          Rampage  .    (no gloves)
Will    .....                    (no boots) Stlth
                                 (no amulet)
HPRegen 0.26/turn                (no ring)
MPRegen 0.09/turn                (no ring)

@: mighty, brilliant, lethally poisoned (-1 -> -10), glowing, studying Dodging,
lightly drained
A: sense surroundings 1, otherworldly, glowing, explore regen
a: no special abilities


You were on level 3 of the Dungeon.
You visited 1 branch of the dungeon, and saw 3 of its levels.

You collected 29 gold pieces.

Inventory:

Hand Weapons
 a - a +0 long sword (weapon)
 b - a +2 dagger of draining
Missiles
 e - 21 stones (quivered)
Armour
 c - a +0 buckler (worn)
 m - a +0 scale mail (worn)
Wands
 j - a wand of flame (20)
Scrolls
 g - a scroll of identify {unknown}
 i - a scroll of silence {unknown}
 l - a scroll of teleportation {unknown}
Potions
 h - a potion of lignification {unknown}
 k - a potion of haste {unknown}


   Skills:
 + Level 3.8 Fighting
 * Level 3.8 Long Blades
 - Level 3.6 Armour
 - Level 2.0 Dodging
 - Level 3.6 Shields


You had 3 spell levels left.
You didn't know any spells.
Your spell library was empty.

Dungeon Overview and Level Annotations

Branches:
Dungeon (3/15) Zot: 1299

Altars:


Innate Abilities, Weirdness & Mutations

You passively map a small area around you.
You are easily found by Zot.
You glow in the dark.
You regain HP and MP as you explore.


Message History

The water moccasin hisses angrily.
You feel very mighty all of a sudden.
You throw a stone. The stone hits the water moccasin.
The water moccasin is lightly wounded.
The water moccasin bites you.
You slash the water moccasin!
The water moccasin is heavily wounded.
The water moccasin completely misses you.
The water moccasin bites you.
You are poisoned.
The water moccasin poisons you!
You slash the water moccasin!
The water moccasin is almost dead.
You feel very sick.
The water moccasin bites you but does no damage.
You closely miss the water moccasin.
The water moccasin is almost dead.
You feel sick. The water moccasin bites you.
You are more poisoned.
The water moccasin poisons you! The water moccasin bites you.
You barely miss the water moccasin.
The water moccasin is almost dead.
* * * LOW HITPOINT WARNING * * *
You feel very sick. The water moccasin bites you.
* * * LOW HITPOINT WARNING * * *
The water moccasin barely misses you.
Unknown command.
You miss the water moccasin.
The water moccasin is almost dead.
* * * LOW HITPOINT WARNING * * *
You feel very sick. The water moccasin closely misses you.
The rat twitches its whiskers.
The water moccasin bites you!
* * * LOW HITPOINT WARNING * * *
Unknown command.
It was a potion of brilliance.
You feel clever all of a sudden.
You die...

, **
#.........#
,#
#.#########
* #.# #.# *
#.# #.# ,
#.# , #.#
#@# * #S# *
#r# , #.# ,
#....S..#
##....... *
* ..r....,
, .......
*###...#


You could see a water moccasin and a rat.

Vanquished Creatures
  5 orcs (D:3)
  3 ball pythons (D:1)
  A bat (D:2)
  An endoplasm (D:2)
  3 giant cockroaches
  4 goblins
  2 hobgoblins
  7 jackals
  A kobold (D:2)
  A quokka (D:2)
  A frilled lizard (D:2)
  A rat (D:3)
30 creatures vanquished.

Notes
Turn   | Place    | Note
-------+----------+-------------------------------------------
     0 | D:1      | tilp the Meteoran Fighter began the quest for the Orb.
     0 | D:1      | Reached XP level 1. HP: 19/19 MP: 2/2
   211 | D:2      | Reached XP level 2. HP: 22/26 MP: 3/3
   216 | D:2      | Reached skill level 1 in Dodging
   228 | D:1      | Found a faded altar of an unknown god.
   287 | D:2      | Reached XP level 3. HP: 31/31 MP: 4/4
   433 | D:3      | Reached XP level 4. HP: 31/40 MP: 5/5
   463 | D:3      | Noticed a water moccasin
   474 | D:3      | Succumbed to a water moccasin's poison

Illustrated notes

Levels and vault maps discovered:
D:1:      onia_arrival_mini_maze_b, layout_basic,
          dreamdust_ecumenical_altar_grove
D:2:      layout_basic, minmay_indecisive_spiral
D:3:      layout_loops_ring

Skill      XL: |  1  2  3 |
---------------+----------+-----
Dodging        | 1 2 |  2.0
Long Blades    | 3 |  3.8
Fighting       | |  3.8
Armour         | |  3.6
Shields        | |  3.6

Action                     |  1- 3 |  4- 6 || total
---------------------------+-------+-------++-------
  Melee: Long sword        |    84 |     7 ||    91
  Throw: Stone             |       |     1 ||     1
    Use: Potion            |       |     2 ||     2
 Armour: Scale mail        |    48 |     1 ||    49
  Dodge: Dodged            |    42 |     3 ||    45
  Block: Buckler           |    29 |       ||    29

Table legend: (Time is in decaauts)
 A = Elapsed time spent in this place.
 B = Non-inter-level travel time spent in this place.
 C = Inter-level travel time spent in this place.
 D = Time resting spent in this place.
 E = Time spent auto-exploring this place.
 F = Levels seen in this place.
 G = Mean time per level.
                   A        B        C        D        E       F      G
               +--------+--------+--------+--------+--------+-----+--------+
         Total |    500 |    430 |     70 |      0 |      0 |   3 |  166.7 |
       Dungeon |    500 |    430 |     70 |      0 |      0 |   3 |  166.7 |
               +--------+--------+--------+--------+--------+-----+--------+

Top non-repeatable levels by time:
     D:1: 218 daAuts
     D:2: 193 daAuts
     D:3: 88 daAuts
